Map: Dusk Towers

Players

LilDicky

  • Race: Protoss Protoss
  • League: Diamond

Kaboos - Winner!

  • Race: Zerg Zerg
  • League: Platinum

VOD

http://www.twitch.tv/tumescentpie

Description

Time

  • Played on: Jan. 4, 2016, 3:49 a.m.
  • Length: 14:53
Show
View Real Time Build Order
Export as new Build Order

LilDicky Protoss 

Build Orders: 1 Gate Expand 

Get SALT Encoding   

  12  0:01  Probe (Chrono Boost)  
  13  0:12  Probe (Chrono Boost)  
  14  0:18  Pylon  
  14  0:23  Probe (Chrono Boost)  
  15  0:36  Probe (Chrono Boost)  
  15  0:41  Gateway  
  16  0:46  Probe (Chrono Boost)  
  17  0:57  Probe (Chrono Boost)  
  18  1:15  Nexus  
  18  1:25  Probe (Chrono Boost)  
  19  1:26  Pylon  
  19  1:35  Cybernetics Core  
  19  1:41  Probe (Chrono Boost)  
  19  1:43  Assimilator  
  20  1:48  Zealot  
  20  1:51  Probe (Chrono Boost)  
  23  2:02  Probe (Chrono Boost)  
  24  2:16  Warp Gate (Chrono Boost), Assimilator  
  24  2:17  Probe (Chrono Boost)  
  25  2:27  Probe (Chrono Boost)  
  25  2:28  Probe (Chrono Boost)  
  27  2:38  Probe  
  30  2:45  Probe (Chrono Boost)  
  30  2:54  Mothership Core (Chrono Boost)  
  31  3:10  Gateway  
  31  3:11  Gateway  
  31  3:13  Gateway  
  31  3:15  Assimilator  
  31  3:16  Probe (Chrono Boost)  
  31  3:17  Probe (Chrono Boost)  
  31  3:19  Assimilator  
  33  3:26  Probe (Chrono Boost)  
  34  3:33  Robotics Facility  
  34  3:37  Pylon  
  34  3:38  Probe (Chrono Boost)  
  34  3:40  Probe (Chrono Boost)  
  36  3:48  Probe (Chrono Boost)  
  36  3:52  Probe (Chrono Boost)  
  38  3:59  Probe (Chrono Boost)  
  40  4:10  Probe (Chrono Boost)  
  40  4:12  Probe (Chrono Boost)  
  40  4:15  Pylon  
  41  4:18  Adept x3  
  41  4:19  Adept  
  41  4:22  Warp Prism  
  51  4:32  Robotics Bay  
  51  4:33  Probe (Chrono Boost)  
  51  4:35  Pylon  
  52  4:41  Pylon  
  52  4:42  Adept  
  52  4:43  Adept  
  56  4:48  Adept  
  56  4:49  Probe (Chrono Boost)  
  60  4:54  Probe (Chrono Boost)  
  60  5:17  Probe (Chrono Boost)  
  60  5:18  Probe (Chrono Boost)  
  60  5:19  Disruptor  
  65  5:25  Adept  
  65  5:26  Adept x3  
  73  5:30  Probe (Chrono Boost)  
  73  5:31  Probe (Chrono Boost)  
  75  5:36  Pylon  
  75  5:40  Probe (Chrono Boost)  
  75  5:41  Forge  
  76  5:43  Pylon  
  76  5:54  Disruptor (Chrono Boost), Pylon  
  76  5:56  Probe (Chrono Boost)  
  81  6:04  Probe  
  81  6:23  Adept  
  81  6:24  Adept x3  
  89  6:27  Protoss Ground Weapons Level 1  
  89  6:30  Colossus (Chrono Boost)  
  95  6:39  Gravitic Drive  
  95  6:46  Photon Cannon  
  95  6:49  Photon Cannon x2  
  95  6:53  Photon Cannon  
  95  6:58  Gateway  
  95  7:01  Pylon x2  
  95  7:36  Adept x3  
  95  8:01  Colossus (Chrono Boost)  
  101  8:27  Nexus  
  101  8:31  Pylon  
  101  8:33  Pylon  
  101  8:37  Pylon  
  101  8:39  Pylon  
  101  8:55  Adept x2  
  101  8:56  Adept x2  
  101  9:22  Adept x4  
  98  9:44  Gateway  
  98  9:50  Gateway  
  98  9:56  Colossus (Chrono Boost)  
  98  9:58  Extended Thermal Lance  
  104  10:04  Gateway  
  104  10:09  Gateway  
  104  10:10  Gateway  
  104  10:11  Pylon  
  104  10:13  Pylon  
  104  10:14  Pylon  
  104  10:16  Pylon  
  104  10:20  Adept x5  
  106  10:46  Adept x2  
  106  10:47  Adept x3  
  106  10:49  Colossus (Chrono Boost)  
  122  10:53  Probe x2  
  124  11:03  Adept  
  126  11:05  Probe  
  126  11:06  Protoss Ground Armor Level 1  
  126  11:07  Pylon  
  127  11:14  Pylon  
  127  11:15  Twilight Council  
  127  11:20  Gateway  
  127  11:24  Photon Cannon  
  127  11:25  Photon Cannon  
  126  11:44  Sentry x3  
  126  11:45  Sentry  
  134  11:52  Adept x2  
  124  12:16  Adept x2  
  124  12:17  Adept  
  119  12:34  Nexus  
  119  12:35  Adept  
  119  12:36  Charge  
  121  12:40  Dark Shrine  
  121  12:42  Adept x2  
  121  12:43  Adept x4  
  133  12:58  Pylon  
  121  13:13  Adept x5  
  121  13:14  Adept  
  121  13:15  Pylon  
  121  13:17  Colossus (Chrono Boost)  
  139  13:32  Nexus  
  139  13:41  Adept x5  
  141  13:42  Adept x3  
  116  14:16  Stalker x3  
  116  14:17  Stalker x4  
  63  14:45  Stalker  
Show
View Real Time Build Order
Export as new Build Order

Kaboos Zerg - Winner!

Build Orders: 3 Hatch before Pool 

Get SALT Encoding   

  12  0:01  Drone  
  13  0:13  Overlord  
  13  0:17  Drone  
  14  0:32  Drone x2  
  17  0:35  Drone  
  17  0:54  Hatchery  
  16  1:16  Drone  
  16  1:17  Hatchery  
  16  1:32  Spawning Pool  
  15  1:35  Extractor  
  15  1:36  Drone  
  15  1:39  Drone  
  16  1:44  Drone  
  17  1:48  Drone  
  18  1:59  Drone  
  19  2:06  Overlord  
  19  2:19  Zergling x4  
  19  2:21  Zergling x2  
  19  2:22  Queen  
  24  2:30  Queen  
  24  2:34  Drone  
  28  2:37  Drone  
  28  2:42  Drone  
  29  2:44  Drone  
  29  2:50  Drone  
  29  2:51  Drone  
  32  2:54  Drone  
  32  2:57  Drone  
  34  3:03  Metabolic Boost  
  34  3:10  Drone x3  
  37  3:15  Drone x2  
  39  3:20  Overlord  
  39  3:26  Queen  
  41  3:40  Drone x6  
  47  3:43  Overlord  
  47  3:46  Extractor x2  
  45  3:49  Overlord  
  45  3:58  Zergling x2  
  45  3:59  Zergling x6  
  48  4:04  Roach Warren  
  47  4:13  Drone x2  
  47  4:14  Drone  
  50  4:17  Zergling x4  
  50  4:18  Zergling x6  
  55  4:35  Drone x4  
  55  4:37  Overlord  
  59  4:39  Drone x5  
  59  4:40  Drone  
  59  4:43  Lair  
  65  4:52  Overlord x2  
  65  4:55  Roach  
  65  4:56  Roach  
  69  5:06  Drone x2, Extractor  
  70  5:07  Drone x2  
  70  5:08  Drone  
  70  5:12  Roach x2  
  77  5:18  Roach  
  77  5:19  Roach x2  
  85  5:21  Roach  
  85  5:25  Drone x2  
  85  5:26  Evolution Chamber, Overlord  
  86  5:29  Evolution Chamber, Drone  
  86  5:30  Drone  
  87  5:43  Infestation Pit, Glial Reconstitution  
  86  5:53  Drone x2, Extractor  
  86  5:54  Drone x3, Extractor  
  86  5:55  Overlord  
  86  5:56  Overlord  
  89  5:57  Roach  
  89  5:58  Roach x2  
  89  5:59  Zerg Missile Weapons Level 1  
  89  6:00  Zerg Ground Armor Level 1  
  95  6:08  Overlord  
  94  6:13  Drone x2  
  94  6:15  Drone x2  
  94  6:16  Drone  
  94  6:17  Drone x3  
  102  6:18  Overlord  
  102  6:22  Pathogen Glands  
  102  6:24  Infestor x2  
  106  6:26  Infestor  
  106  6:28  Zergling x2  
  106  6:29  Zergling x2  
  106  6:31  Zergling x2  
  111  6:43  Overseer  
  111  6:44  Overseer  
  111  6:47  Overlord x2  
  111  6:52  Roach x3  
  111  6:53  Roach x5  
  111  6:54  Zergling x2  
  128  7:04  Overlord x2  
  128  7:07  Hatchery  
  127  7:13  Roach x5  
  131  7:26  Spine Crawler  
  130  7:30  Spore Crawler  
  124  7:47  Roach x3  
  124  7:48  Roach x7  
  144  7:54  Zerg Missile Weapons Level 2  
  144  7:55  Zerg Ground Armor Level 2  
  144  7:56  Overlord x2  
  143  8:03  Zergling x6  
  143  8:04  Zergling x8  
  148  8:21  Spine Crawler  
  148  8:22  Spine Crawler  
  148  8:26  Drone  
  148  8:27  Drone  
  148  8:28  Roach x4  
  148  8:29  Roach x2  
  158  8:43  Queen  
  158  8:44  Drone x4  
  158  8:45  Drone  
  162  8:51  Spore Crawler  
  161  9:13  Queen  
  161  9:14  Overlord x4  
  163  9:19  Drone x4  
  163  9:24  Extractor  
  166  9:26  Extractor  
  156  9:38  Hydralisk Den  
  155  9:39  Hive  
  155  9:42  Roach x3  
  155  9:43  Roach x2, Zergling x4  
  155  9:44  Zergling x6  
  170  9:57  Drone x2  
  170  9:58  Drone x3  
  170  9:59  Drone, Overlord  
  176  10:00  Overlord  
  176  10:03  Ravager x2  
  176  10:04  Ravager x7  
  185  10:10  Muscular Augments  
  185  10:11  Hydralisk  
  177  10:37  Queen  
  177  10:38  Drone x3  
  177  10:39  Drone  
  183  10:43  Spine Crawler  
  183  10:45  Drone x3  
  183  10:46  Spore Crawler  
  184  10:51  Drone x3  
  187  10:59  Drone x3  
  187  11:01  Zerg Missile Weapons Level 3  
  187  11:02  Zerg Ground Armor Level 3  
  190  11:11  Viper x3  
  199  12:17  Spore Crawler  
  198  12:40  Drone  
  195  13:08  Hatchery  
  194  13:34  Roach x3  
  174  14:12  Roach x5  
  174  14:13  Roach x7  
  174  14:14  Roach x3  
  200  14:18  Zergling x6  
  200  14:19  Zergling x12  
  200  14:20  Zergling x2  
  196  14:32  Roach  
  196  14:33  Roach  
Tags
 
Add a new tag
Caveats
  • Supply blocks, unpowered buildings, or Contaminate may cause inaccurate times.
  • Supply counts are checked every 10 seconds.